 Dungeon Crawl Stone Soup version 0.30.1-4-g462c640d31 (webtiles) character file.

Game seed: 4838487722362144976

745 Nick1 the Covered (level 8, 0/61 HPs)
             Began as a Formicid Fighter on Sept 16, 2023.
             Was an Initiate of Okawaru.
             Killed from afar by an electric eel (9 damage)
             ... with a bolt of electricity
             ... on level 6 of the Dungeon.
             The game lasted 00:17:53 (3394 turns).

Nick1 the Covered (Formicid Fighter)                Turns: 3394, Time: 00:17:54

Health: 0/61       AC: 13    Str: 22    XL:     8   Next: 5%
Magic:  9/9        EV:  6    Int:  9    God:    Okawaru [......]
Gold:   147        SH:  5    Dex: 13    Spells: 7/7 levels left

rFire   . . .        w - +0 halberd
rCold   . . .        c - +0 buckler
rNeg    . . .        r - +0 plate armour
rPois   .            (helmet unavailable)
rElec   .            (no cloak)
rCorr   +            f - +0 pair of gloves
SInv    +            (no boots)
Will    .....        (no amulet) Stlth
                     q - ring of resist corrosion
HPRegen 0.30/turn    (no ring)
MPRegen 0.11/turn

%: no passive effects
@: no status effects
A: permanent stasis, dig shafts and tunnels, antennae 3, four strong arms
a: Dig, Shaft Self, Renounce Religion


You were on level 6 of the Dungeon.
You worshipped Okawaru.
Okawaru was noncommittal.
You visited 2 branches of the dungeon, and saw 7 of its levels.

You collected 147 gold pieces.

Inventory:

Hand Weapons
 a - a +0 war axe
 w - a +0 halberd (weapon)
Missiles
 g - 11 poisoned darts
 j - 4 javelins
 n - 4 boomerangs (quivered)
 v - 3 throwing nets
Armour
 b - a +0 scale mail
 c - a +0 buckler (worn)
 f - a +0 pair of gloves (worn)
 m - a +0 chain mail
 r - a +0 plate armour (worn)
Jewellery
 q - a ring of resist corrosion (left hand)
Wands
 k - a wand of paralysis (19)
Scrolls
 e - 4 scrolls of fog
 h - a scroll of vulnerability
 l - a scroll of poison
 o - 2 scrolls of blinking {unknown}
 s - a scroll of enchant weapon {unknown}
 x - a scroll of fear {unknown}
Potions
 d - 2 potions of might
 p - 2 potions of invisibility
 t - a potion of flight


   Skills:
 * Level 4.7 Fighting
 * Level 5.0 Axes
 + Level 2.1 Throwing
 * Level 5.6 Armour
 + Level 0.1 Dodging
 + Level 0.6 Stealth
 * Level 5.3 Shields
 * Level 2.3 Invocations


You had 7 spell levels left.
You didn't know any spells.
Your spell library contained the following spells:

 Spells                   Type           Power      Damage    Failure   Level
 Conjure Ball Lightning   Conj/Air       0%         3x3d6     100%        6
 Discord                  Hex            0%         N/A       100%        8
 Disjunction              Tloc           0%         N/A       100%        8


Dungeon Overview and Level Annotations

Branches:
Dungeon (6/15)             Temple (1/1) D:4

Altars:
Ashenzari
Kikubaaqudgha
Okawaru
Sif Muna
Zin


Innate Abilities, Weirdness & Mutations

You cannot be hasted, slowed, berserked, paralysed or teleported.
You can dig through walls and to a lower floor.
You have a pair of large antennae on your head. (SInv)
Your four strong arms can wield two-handed weapons with a shield.


Message History

Okawaru accepts your kill.
The electric eel shoots out a bolt of lightning at you!
The bolt of electricity hits you.
You closely miss the ice beast.
The ice beast hits you but does no damage.
The electric eel shoots out a bolt of lightning at you!
The bolt of electricity hits you!
* * * LOW HITPOINT WARNING * * *
The bolt of electricity hits you!
* * * LOW HITPOINT WARNING * * *
The ice beast barely misses you.
You feel much better. You block the ice beast's attack.
You hit the ice beast.
The ice beast is moderately wounded.
The ice beast hits you but does no damage.
You closely miss the ice beast.
The ice beast is moderately wounded.
An electric eel comes into view.
The ice beast barely misses you.
The ice beast hits you but does no damage.
You closely miss the ice beast.
The ice beast is moderately wounded.
The ice beast hits you but does no damage.
You closely miss the ice beast.
The ice beast is moderately wounded.
The ice beast hits you. The ice beast freezes you!
* * * LOW HITPOINT WARNING * * *
You hit the ice beast.
The ice beast is moderately wounded.
The ice beast hits you but does no damage.
The electric eel shoots out a bolt of lightning at you!
The bolt of electricity hits you.
* * * LOW HITPOINT WARNING * * *
The bolt of electricity hits you!
* * * LOW HITPOINT WARNING * * *
The ice beast hits you but does no damage.
You feel better.
The electric eel shoots out a bolt of lightning at you!
The bolt of electricity hits you!
You die...

#. ### ..
:.# #< ...
..#.# .#?##
... # #Y# #
##..#@##.#
♣...).<..#
~~P♣..#..###
.........
~~SS..#####
~~~~## ~~♣#
~♣


You could see an ice beast and 2 electric eels.

Vanquished Creatures
  An ogre (D:4)
  A phantom (D:5)
  A jelly (D:5)
  7 hounds
  A gnoll bouda (D:4)
  2 iguanas (D:5)
  2 orc wizards (D:3)
  6 gnolls
  8 adders
  A white imp (D:5)
  An ufetubus (D:5)
  2 worms (D:2)
  4 dart slugs
  5 orcs
  2 bats (D:1)
  12 endoplasms
  2 giant cockroaches
  7 goblins
  2 hobgoblins
  6 quokkas
  A ball python (D:1)
  A frilled lizard (D:2)
  2 kobolds
  5 rats
82 creatures vanquished.

Notes
Turn   | Place    | Note
-------+----------+-------------------------------------------
     0 | D:1      | Nick1 the Formicid Fighter began the quest for the Orb.
     0 | D:1      | Reached XP level 1. HP: 18/18 MP: 1/1
    29 | D:1      | Reached XP level 2. HP: 13/24 MP: 2/2
   175 | D:1      | Found a faded altar of an unknown god.
   242 | D:1      | Reached XP level 3. HP: 28/29 MP: 3/3
   880 | D:2      | Reached XP level 4. HP: 36/36 MP: 4/4
   977 | D:2      | Reached skill level 1 in Throwing
  1427 | D:2      | Reached XP level 5. HP: 40/42 MP: 5/5
  1595 | D:3      | Found an ancient bone altar of Kikubaaqudgha.
  1598 | D:3      | Found a glowing silver altar of Zin.
  2026 | D:4      | Reached XP level 6. HP: 31/48 MP: 6/6
  2357 | D:4      | Noticed an ogre
  2363 | D:4      | Killed an ogre
  2364 | D:4      | Reached skill level 5 in Armour
  2364 | D:4      | Reached XP level 7. HP: 37/55 MP: 7/7
  2430 | D:4      | Found a staircase to the Ecumenical Temple.
  2571 | Temple   | Entered the Ecumenical Temple
  2583 | Temple   | Became a worshipper of Warmaster Okawaru
  2620 | D:5      | Entered Level 5 of the Dungeon
  2798 | D:5      | Reached skill level 1 in Invocations
  2811 | D:5      | Found a broken altar of Ashenzari.
  2953 | D:5      | Reached skill level 5 in Shields
  3149 | D:5      | Reached skill level 5 in Axes
  3177 | D:5      | Reached XP level 8. HP: 57/61 MP: 9/9
  3394 | D:6      | Killed from afar by an electric eel

Illustrated notes

Levels and vault maps discovered:
D:1:      dpeg_arrival_tiny_g, layout_basic, hellmonk_ecumenical_altar_lost_god
D:2:      layout_loops_corners, serial_forest, infiniplex_forest_clump_diagonal,
          infiniplex_forest_clump_C, infiniplex_forest_clump_tiny,
          infiniplex_forest_clump_large
D:3:      layout_basic, mainiacjoe_overflow_catch_the_wave
D:4:      layout_cave_pools, temple_hall, grunt_ministairs_8
D:5:      minmay_evil_eye, layout_basic, nicolae_overflow_crystal_walls,
          minivault_5, hangedman_glass_teeth, hangedman_abyss_or_decor_passed
D:6:      layout_loops_ring, makhleb_heckhound_becter, minmay_fountain_box,
          hangedman_decor_lopped, amcnicky_mini_corridor_feature,
          serial_bayou_lagoon_b
Temple:   mainiacjoe_temple_bowtie_tessellation

Skill      XL: |  1  2  3  4  5  6  7 |
---------------+----------------------+-----
Axes           | 3 4 5 |  5.0
Armour         | 4 5 |  5.6
Throwing       | 1 2 |  2.1
Fighting       | 4 |  4.7
Invocations    | 2 |  2.3
Shields        | 5 |  5.3
Dodging        | |  0.1
Stealth        | |  0.6

Action                     |  1- 3 |  4- 6 |  7- 9 || total
---------------------------+-------+-------+-------++-------
  Melee: War axe           |    65 |    82 |    56 ||   203
         Halberd           |       |       |    26 ||    26
  Throw: Javelin           |    13 |       |       ||    13
         Boomerang         |     4 |    44 |    25 ||    73
    Use: Scroll            |     3 |     5 |     3 ||    11
         Potion            |       |       |     2 ||     2
 Armour: Scale mail        |    12 |       |       ||    12
         Chain mail        |    20 |    80 |       ||   100
         Plate armour      |       |       |    78 ||    78
  Dodge: Dodged            |    26 |    52 |    32 ||   110
  Block: Buckler           |    12 |    28 |    24 ||    64
